 Dungeon Crawl Stone Soup version 0.24-a0-317-g5cb8de4 (webtiles) character file.

Game seed: 10453056403716392930

2 ShaftedAgain the Vexing (level 1, -1/15 HPs)
             Began as a Demonspawn Arcane Marksman on May 17, 2019.
             Slain by a hobgoblin
             ... wielding a +0 club
              (7 damage)
             ... on level 1 of the Dungeon.
             The game lasted 00:00:34 (145 turns).

ShaftedAgain the Vexing (Demonspawn Arcane Marksman) Turns: 145, Time: 00:00:34

Health: -1/15      AC:  2    Str: 10    XL:     1   Next: 33%
Magic:  2/2        EV: 12    Int: 14    God:
Gold:   0          SH:  0    Dex: 13    Spells: 1/2 levels left

rFire    . . .     SeeInvis .   (no weapon)
rCold    . . .     Gourm    .   (no shield)
rNeg     . . .     Faith    .   a - +0 robe
rPois    .         Spirit   .   (no helmet)
rElec    .         Reflect  .   (no cloak)
rCorr    .         Harm     .   (no gloves)
MR       .....                  (no boots)
Stlth    +.........             (no amulet)
HPRegen  0.05/turn              (no ring)
MPRegen  0.08/turn              (no ring)

@: no status effects
A: no striking features
a: no special abilities


You were on level 1 of the Dungeon.
You were not hungry.

You visited 1 branch of the dungeon, and saw 1 of its levels.

Inventory:

Missiles
 c - 2 javelins (quivered)
 d - 2 throwing nets
Armour
 a - a +0 robe (worn)
Comestibles
 b - a chunk of flesh
 f - a ration


   Skills:
 * Level 1.0 Fighting
 + Level 1.7 Throwing
 - Level 1.7 Dodging
 * Level 1.0 Spellcasting
 + Level 3.1 Hexes


You had one spell level left.
You knew the following spells:

 Your Spells              Type           Power        Failure   Level  Hunger
a - Corona                Hex            #......      8%          1    ##.....

Your spell library contained the following spells:

 Spells                   Type           Power        Failure   Level  Hunger
 Slow                     Hex            #.......     11%         2    ###....
 Inner Flame              Hex/Fire       #.......     38%         3    ####...
 Portal Projectile        Hex/Tloc       #.....       38%         3    ####...
 Cause Fear               Hex            #.........   58%         4    #####..
 Leda's Liquefaction      Hex/Erth       #.........   80%         4    #####..


Dungeon Overview and Level Annotations

Branches:
Dungeon (1/15)

Altars:


Message History

The kobold hits you but does no damage.
Throwing (i - inventory. (/) - cycle)
c - 5 javelins (quivered)
Press: ? - help, Shift-Dir - straight line, f - hobgoblin
Aim: a hobgoblin, wielding a +0 club You throw a javelin.
The javelin barely misses the kobold.
The javelin barely misses the hobgoblin.
The kobold hits you but does no damage.
Throwing (i - inventory. (/) - cycle)
c - 4 javelins (quivered)
Press: ? - help, Shift-Dir - straight line, f/p - hobgoblin
Aim: a hobgoblin, wielding a +0 club You throw a javelin.
The javelin pierces through the kobold!
You kill the kobold!
The javelin barely misses the hobgoblin.
Throwing (i - inventory. (/) - cycle)
c - 3 javelins (quivered)
Press: ? - help, Shift-Dir - straight line, f/p - hobgoblin
Aim: a hobgoblin, wielding a +0 club You throw a javelin.
The javelin closely misses the hobgoblin.
The hobgoblin hits you with a +0 club. The hobgoblin hits you with a +0 club!
You die...

#.####### #.......#
#.#.....# .#..
#....(.(# #.#.....#
....# #.......#
#.#..##.# #...
#.......# #.#..#<.#
#...##.......#
..#..#..#
#....#.......#
..##.#.##
#..#.#.......#
.....#..
#..#..g......#
.###.#..
#..##@#####+## .#
#.#######......# .#
#...)........#.#
.#####..........#.#
..............###..
#.....รท.####..#
#.# #.......# #..#
.. #.......# #..#
#.# #.......# #..#
.#


You could see a hobgoblin.

Vanquished Creatures
  A bat (D:1)
  A kobold (D:1)
2 creatures vanquished.

Notes
Turn   | Place    | Note
-------+----------+-------------------------------------------
     0 | D:1      | ShaftedAgain the Demonspawn Arcane Marksman began the quest
                  | for the Orb.
     0 | D:1      | Reached XP level 1. HP: 15/15 MP: 2/2
   145 | D:1      | Slain by a hobgoblin

Levels and vault maps discovered:
D:1:      ebering_hopf_link, layout_basic

Action                   || total
-------------------------++-------
Melee: Unarmed           ||    19
Throw: Javelin           ||     3
Armor: Robe              ||     8
Dodge: Dodged            ||    21

Table legend:
 A = Non-vault XP
 B = Vault XP
 C = Vault XP percentage of total XP
 D = Non-vault monster count
 E = Vault monster count
 F = Vault count percentage of total count
                 A         B        C        D         E       F
            +---------+---------+-------+---------+---------+-------
      Total |       4 |       0 |   0.0 |       2 |       0 |   0.0
            +---------+---------+-------+---------+---------+-------
        D:1 |       4 |       0 |   0.0 |       2 |       0 |   0.0
            +---------+---------+-------+---------+---------+-------
